 Dungeon Crawl Stone Soup version 0.15-a0-225-ga4013df (webtiles) character file.

181 MrRokkomies the Vexing (level 4, -3/21 HPs)
             Began as a Vine Stalker Enchanter on Apr 25, 2014.
             Slain by a gnoll
             ... wielding a +0,+0 club
              (8 damage)
             ... on Level 2 of the Dungeon.
             The game lasted 00:06:51 (1717 turns).

MrRokkomies the Vexing (Vine Stalker Enchanter)     Turns: 1717, Time: 00:06:51

HP  -3/21        AC  4     Str 11      XL: 4   Next: 65%
MP   0/8         EV 12     Int 16      God:
Gold 86          SH  0     Dex 14      Spells:  2 memorised,  4 levels left

rFire  . . .     SeeInvis .     p - -3,-2 dagger (curse)
rCold  . . .     Clarity  .     b - +1 robe
rNeg   . . .     Conserve .     (no shield)
rPois  .         rCorr    .     (no helmet)
rElec  .         rRot     +     (no cloak)
SustAb . .       Spirit   +     (no gloves)
rMut   .         Warding  .     h - +0 pair of boots
Saprov . . .     Stasis   .     (no amulet)
MR     .....                    (no ring)
                                (no ring)

@: very slightly contaminated, not resistant to hostile enchantments, fairly
stealthy
A: fangs 2, regeneration 1, magic shield, antimagic bite, no device heal
a: no special abilities


You were on level 2 of the Dungeon.
You were not hungry.

You visited 1 branch of the dungeon, and saw 2 of its levels.

You collected 86 gold pieces.

Inventory:

Hand weapons
 a - a +1,+1 dagger
 e - a +0,+0 sling
 p - a cursed -3,-2 dagger (weapon)
Missiles
 d - 10 darts (quivered)
 g - 29 stones
 o - 17 sling bullets
Armour
 b - a +1 robe (worn)
 h - a +0 pair of boots (worn)
Magical devices
 m - a wand of enslavement (17)
Comestibles
 f - 2 bread rations
Potions
 i - a potion of mutation {unknown}
 j - a potion of paralysis
 k - 2 potions of curing
 l - a potion of magic {unknown}
Books
 c - a book of Maledictions

   Spells                             Type                      Level
   *Corona                            Hexes                        1
   Sure Blade                         Hexes/Charms                 2
   *Ensorcelled Hibernation           Hexes/Ice                    2
   Confuse                            Hexes                        3
   Dazzling Spray                     Conjuration/Hexes            3
   Enslavement                        Hexes                        4


   Skills:
 * Level 2.1 Short Blades
 - Level 0.8 Throwing
 - Level 1.5 Dodging
 - Level 2.4 Stealth
 - Level 2.1 Spellcasting
 + Level 4.6 Hexes


You had 4 spell levels left.
You knew the following spells:

 Your Spells              Type           Power        Failure   Level  Hunger
a - Corona                Hex            ###....      3%          1    #......
b - Ensorcelled Hibernat  Hex/Ice        #.....       14%         2    ##.....


Dungeon Overview and Level Annotations

Branches:
Dungeon (2/15)

Altars:


Innate Abilities, Weirdness & Mutations

You are immune to rotting.
You have extremely sharp teeth.
Your natural rate of healing is unusually fast.
When hurt, damage is shared between your health and your magic reserves.
Your bite disrupts and absorbs the magic of your enemies.
Potions and wands cannot restore your HP.


Message History

You feel invigorated.
The gnoll is severely wounded.
You hit the gnoll. Your bite misses the gnoll.
The gnoll is almost dead.
The gnoll barely misses you.
Casting: Ensorcelled Hibernation
Confirm with . or Enter, or press ? or * to list all spells.
Aiming: Ensorcelled Hibernation
Press: ? - help, Shift-Dir - straight line, f/p - gnoll
Aim: a gnoll, wielding a club (almost dead)
The gnoll resists.
The gnoll hits you with an uncursed club!
* * * LOW HITPOINT WARNING * * *
You closely miss the gnoll.
The gnoll is almost dead.
The gnoll hits you but does no damage.
You hit the gnoll but do no damage.
The gnoll is almost dead.
The gnoll hits you with an uncursed club!
You die...

#......#
##♣#♣.♣.♣.....#
#..........####
#.♣#♣.♣.♣..#
#...#......#
###.♣.♣.#### #.....#
###.########
#.....@..>.#
#[.....g..(### .
#..........%.# ...
#..........#.## ....
#..........#..# .....
#..........##.##)......
#..........##.('.......
################.......
#####


You could see a gnoll.

Vanquished Creatures
  Jessica (D:2)
  A gnoll (D:2)
  2 adders
  A worm (D:2)
  2 giant geckos
  2 giant cockroaches
  5 goblins
  6 hobgoblins
  7 jackals (D:1)
  6 kobolds
  A quokka (D:2)
  3 bats
  A giant newt (D:1)
  5 rats
43 creatures vanquished.

Vanquished Creatures (collateral kills)
  A gnoll (D:2)
1 creature vanquished.

Grand Total: 44 creatures vanquished

Notes
Turn   | Place    | Note
--------------------------------------------------------------
     0 | D:1      | MrRokkomies, the Vine Stalker Enchanter, began the quest for the Orb.
     0 | D:1      | Reached XP level 1. HP: 9/9 MP: 3/3
   145 | D:1      | Reached skill level 1 in Short Blades
   171 | D:1      | Reached XP level 2. HP: 13/13 MP: 5/5
   180 | D:1      | Learned a level 2 spell: Ensorcelled Hibernation
   718 | D:1      | Reached XP level 3. HP: 12/16 MP: 7/7
   840 | D:1      | Reached skill level 4 in Hexes
  1224 | D:2      | Noticed Jessica
  1238 | D:2      | Killed Jessica
  1238 | D:2      | Reached XP level 4. HP: 21/21 MP: 5/8
  1717 | D:2      | Slain by a gnoll

Action                   |  1- 3 |  4- 6 || total
-------------------------+-------+-------++-------
Melee: Dagger            |   151 |    96 ||   247
Throw: Dart              |       |     3 ||     3
 Cast: Ensorcelled Hiber |     6 |     7 ||    13
Evoke: Wand              |       |     2 ||     2
  Use: Potion            |     2 |       ||     2
       Scroll            |       |     4 ||     4
 Stab: Sleeping          |     7 |     4 ||    11
